 Dungeon Crawl Stone Soup version 0.30-a0-4-ga7cffc901d (webtiles) character file.

Game seed: 13261356739497466050

5817 ytrimaz the Cleaver (level 10, -1/108 HPs)
             Began as a Demonspawn Fighter on Aug 22, 2022.
             Was a Believer of Makhleb.
             Asphyxiated
             ... on level 10 of the Dungeon.
             The game lasted 00:10:55 (10727 turns).

ytrimaz the Cleaver (Demonspawn Fighter)           Turns: 10727, Time: 00:10:56

Health: -1/108     AC: 19    Str: 21    XL:     10   Next: 51%
Magic:  10/10      EV:  6    Int: 10    God:    Makhleb [**....]
Gold:   508        SH:  4    Dex: 12    Spells: 9/9 levels left

rFire   + . .      SeeInvis +    w - +4 Maxwell's thermic engine {flame, freeze}
rCold   . . .      Faith    .    c - +0 buckler
rNeg    . . .      Spirit   .    h - +0 plate armour
rPois   .          Reflect  .    (helmet unavailable)
rElec   .          Harm     .    z - +0 cloak
rCorr   .          Rampage  .    (no gloves)
Will    .....                    j - +2 pair of boots
Stlth   ..........               (no amulet)
HPRegen 0.28/turn                q - ring of wizardry
MPRegen 0.12/turn                A - ring of protection from fire

@: berserking, lethally poisoned (-1 -> -53), slowed
A: antennae 3, rugged brown scales 1, spiny 2
a: Renounce Religion, Minor Destruction


You were on level 10 of the Dungeon.
You worshipped Makhleb.
Makhleb was pleased with you.
You visited 2 branches of the dungeon, and saw 11 of its levels.

You collected 508 gold pieces.

Inventory:

Hand Weapons
 a - a +0 war axe
 w - the +4 Maxwell's thermic engine (weapon) {flame, freeze}
   (You found it on level 4 of the Dungeon)

   It burns those it strikes, dealing additional fire damage.
   Big, fiery blades are also staple armaments of hydra-hunters.
   It freezes those it strikes, dealing additional cold damage.
   It can also slow down cold-blooded creatures.
   It becomes more effective when it hits something.
   This effect fades over time.
Armour
 c - a +0 buckler (worn)
 h - a +0 plate armour (worn)
 j - a +2 pair of boots (worn)
 v - a +0 tower shield
 x - +0 steam dragon scales
 y - a +0 kite shield
 z - a +0 cloak (worn)
Jewellery
 q - a ring of wizardry (left hand)
 A - a ring of protection from fire (right hand)
Wands
 l - a wand of charming (8)
 p - a wand of roots (8)
Scrolls
 b - 5 scrolls of teleportation
 n - 2 scrolls of butterflies
 t - a scroll of enchant armour
 u - a scroll of silence
 C - a scroll of identify
Potions
 d - 3 potions of resistance
 e - 6 potions of haste
 f - a potion of brilliance {unknown}
 g - 2 potions of curing
 k - a potion of magic {unknown}
 m - 3 potions of mutation
 o - 2 potions of cancellation
 r - 2 potions of degeneration {unknown}
 s - 2 potions of flight {unknown}
 B - a potion of heal wounds


   Skills:
 - Level 3.1 Fighting
 * Level 8.4 Long Blades
 - Level 9.9 Axes
 + Level 7.3 Armour
 - Level 2.6 Shields


You had 9 spell levels left.
You didn't know any spells.
Your spell library contained the following spells:

 Spells                   Type           Power      Damage    Failure   Level
 Summon Small Mammal      Summ           0%         N/A       97%         1
 Blink                    Tloc           0%         N/A       99%         2
 Ensorcelled Hibernation  Hex/Ice        0%         N/A       99%         2
 Poisonous Vapours        Pois/Air       0%         N/A       99%         2
 Call Canine Familiar     Summ           0%         N/A       100%        3
 Dazzling Flash           Conj/Hex       0%         N/A       100%        3
 Spider Form              Tmut/Pois      0%         N/A       100%        3
 Summon Guardian Golem    Hex/Summ       0%         N/A       100%        3
 Tukima's Dance           Hex            0%         N/A       100%        3
 Anguish                  Hex/Necr       0%         N/A       100%        4
 Corpse Rot               Necr/Pois/Air  0%         N/A       100%        4
 Iskenderun's Mystic Bla  Conj/Tloc      0%         2d3       100%        4
 Passage of Golubria      Tloc           0%         N/A       100%        4
 Manifold Assault         Tloc           0%         N/A       100%        5
 Yara's Violent Unravell  Hex/Tmut       0%         3d3       100%        5
 Starburst                Conj/Fire      0%         6d3       100%        6
 Storm Form               Tmut/Air       0%         N/A       100%        7


Dungeon Overview and Level Annotations

Branches:
Dungeon (10/15)            Temple (1/1) D:5            Lair (0/5) D:9
    Orc: D:9-12

Altars:
Ashenzari
Cheibriados
Dithmenos
Fedhas
Gozag
Hepliaklqana
Kikubaaqudgha
Makhleb
Nemelex Xobeh
Okawaru
Qazlal
Ru
Sif Muna
Trog
Uskayaw
Vehumet
Wu Jian
Xom
Yredelemnul

Shops:
D:3 (

Annotations:
D:5 2 transporters
D:10 Sonja


Innate Abilities, Weirdness & Mutations

You have a pair of large antennae on your head. (SInv)
You are partially covered in rugged brown scales. (AC +1, +3% HP)
You are mostly covered in sharp spines.


Message History

You are more poisoned.
Unknown command.
You hit Sonja. You burn Sonja. You freeze Sonja.
Sonja is heavily wounded.
You feel extremely sick. Sonja is struck by your spines.
Sonja hits you but does no damage.
You are more poisoned.
Sonja hits you with a +0 short sword of venom.
You are lethally poisoned!
Sonja hits you but does no damage.
You are more poisoned.
The yak is struck by your spines. The yak closely misses you.
Unknown command.
You barely miss Sonja.
Sonja is severely wounded.
You feel extremely sick.
Sonja casts a spell.
Sonja blinks!
The yak gores you but does no damage.
Sonja throws a curare-tipped dart.
The curare-tipped dart hits you.
You are more poisoned.
You have difficulty breathing.
You feel as though you will be slow longer.
You slash the yak! You burn the yak. You freeze the yak.
The yak is severely wounded.
* * * LOW HITPOINT WARNING * * *
You feel extremely sick. The yak gores you but does no damage.
Unknown command.
You hit the yak. You burn the yak. You freeze the yak.
The yak is almost dead.
* * * LOW HITPOINT WARNING * * *
You feel extremely sick.
Sonja throws a curare-tipped dart.
The curare-tipped dart barely misses you.
The yak gores you.
* * * LOW HITPOINT WARNING * * *
Sonja throws a curare-tipped dart.
The curare-tipped dart hits you.
You are more poisoned.
You have difficulty breathing.
You die...

.. ..#. .... ###
####
#..##.####..####
#.......##K....##.
#......<#.........
#......Y@.........
.#####...##.........
....................
.....###............
......#{.##.........
........{##.........
............#.......
.......#....#.......
..KY..##...........


You could see a yak and Sonja.

Vanquished Creatures
  Pikel (D:5)
  A gargoyle (D:8)
  Maggie (D:6)
  A kobold demonologist (D:9)
  Grinder (D:5)
  Sigmund (D:2)
  A shadow (D:6)
  A steam dragon (D:8)
  Grum (D:9)
  An acid dragon (D:9)
  A sky beast (D:8)
  An ice beast (D:5)
  6 orc warriors
  3 black bears
  2 ogres
  3 wolves (D:9)
  A lemure (D:5)
  2 centaurs
  A gnoll sergeant (D:8)
  3 bullfrogs
  A necrophage (D:7)
  8 scorpions
  7 killer bees
  2 howler monkeys (D:8)
  A crimson imp (D:5)
  2 hounds
  8 orc priests
  Jessica (D:2)
  Natasha (thrice) (D:2)
  4 iguanas
  6 orc wizards
  3 gnolls (D:8)
  7 adders
  An ufetubus (D:5)
  A worm (D:4)
  2 dart slugs
  33 orcs
  7 endoplasms
  3 giant cockroaches
  7 goblins
  8 hobgoblins
  5 kobolds
  6 quokkas
  5 ball pythons
  2 bats
  9 frilled lizards
  A rat (D:1)
176 creatures vanquished.

Vanquished Creatures (others)
  16 fungi (D:9)
  18 plants (D:9)
34 creatures vanquished.

Grand Total: 210 creatures vanquished

Notes
Turn   | Place    | Note
-------+----------+-------------------------------------------
     0 | D:1      | ytrimaz the Demonspawn Fighter began the quest for the Orb.
     0 | D:1      | Reached XP level 1. HP: 18/18 MP: 1/1
   397 | D:1      | Reached skill level 2 in Axes
   453 | D:1      | Gained mutation: You are partially covered in sharp spines.
                  | [demonic ancestry]
   453 | D:1      | Reached XP level 2. HP: 11/24 MP: 2/2
   661 | D:1      | Found a faded altar of an unknown god.
  1036 | D:2      | Noticed Natasha
  1045 | D:2      | Noticed a crimson imp
  1046 | D:2      | Noticed a crimson imp
  1046 | D:2      | Noticed a crimson imp
  1048 | D:2      | Killed Natasha
  1049 | D:2      | Reached skill level 3 in Axes
  1049 | D:2      | Reached XP level 3. HP: 12/29 MP: 3/3
  1345 | D:2      | Gained mutation: You are partially covered in rugged brown
                  | scales. (AC +1, +3% HP) [demonic ancestry]
  1345 | D:2      | Reached XP level 4. HP: 29/36 MP: 4/4
  1439 | D:2      | Noticed Sigmund
  1450 | D:2      | Killed Sigmund
  1451 | D:2      | Reached skill level 4 in Axes
  1451 | D:2      | Gained mutation: You have a pair of small antennae on your
                  | head. [demonic ancestry]
  1451 | D:2      | Reached XP level 5. HP: 39/42 MP: 5/5
  1505 | D:2      | Noticed Natasha
  1509 | D:2      | Killed Natasha
  1510 | D:2      | Reached skill level 5 in Axes
  1566 | D:2      | Noticed Natasha
  1572 | D:2      | Killed Natasha
  1573 | D:2      | Gained mutation: You are mostly covered in sharp spines.
                  | [demonic ancestry]
  1573 | D:2      | Reached XP level 6. HP: 40/48 MP: 6/6
  1682 | D:2      | Noticed Jessica
  1698 | D:2      | Killed Jessica
  2620 | D:3      | Found Osudd's Antique Weapon Boutique.
  3020 | D:4      | Reached skill level 6 in Axes
  3236 | D:4      | Reached XP level 7. HP: 29/53 MP: 7/7
  3456 | D:4      | You fall into a shaft and drop 3 floors!
  3569 | D:7      | Reached skill level 7 in Axes
  4126 | D:6      | Noticed a shadow
  4487 | D:5      | Entered Level 5 of the Dungeon
  4577 | D:5      | Found a staircase to the Ecumenical Temple.
  4687 | Temple   | Entered the Ecumenical Temple
  4931 | D:5      | Gained mutation: You have a pair of antennae on your head.
                  | [demonic ancestry]
  4931 | D:5      | Reached XP level 8. HP: 59/59 MP: 8/8
  4958 | D:5      | Noticed Grinder
  4960 | D:5      | Paralysed by Grinder for 2 turns
  4967 | D:5      | Killed Grinder
  4968 | D:5      | Reached skill level 8 in Axes
  5231 | D:5      | Found an opulent altar of Gozag.
  5251 | D:5      | Noticed Pikel
  5261 | D:5      | Killed Pikel
  5262 | D:5      | Reached skill level 9 in Axes
  5262 | D:5      | Reached skill level 5 in Armour
  5504 | D:5      | Found a burning altar of Makhleb.
  5504 | D:5      | Found a radiant altar of Vehumet.
  5509 | D:5      | Gained mutation: You have a pair of large antennae on your
                  | head. (SInv) [demonic ancestry]
  5509 | D:5      | Reached XP level 9. HP: 53/64 MP: 9/9
  5512 | D:5      | Became a worshipper of Makhleb the Destroyer
  5586 | D:5      | Found a transporter.
  5672 | D:5      | Found a transporter.
  5719 | D:5      | Found a sparkling altar of Nemelex Xobeh.
  6167 | D:4      | Found the +2 Maxwell's thermic engine {flame, freeze}
  6888 | D:6      | Noticed Maggie
  6893 | D:6      | Reached skill level 1 in Long Blades
  6903 | D:6      | Killed Maggie
  8126 | D:8      | Reached * piety under Makhleb
  8499 | D:8      | Found a flagged portal.
  8539 | D:8      | Noticed a gargoyle
  8550 | D:8      | Reached skill level 5 in Long Blades
  8554 | D:8      | Killed a gargoyle
  8755 | D:8      | Reached XP level 10. HP: 49/72 MP: 10/10
  9492 | D:9      | Noticed Grum
  9505 | D:9      | Killed Grum
  9817 | D:9      | Reached ** piety under Makhleb
 10001 | D:9      | Found a staircase to the Lair.
 10700 | D:10     | Entered Level 10 of the Dungeon
 10711 | D:10     | Noticed Sonja
 10727 | D:10     | HP: 2/108 [yak (6)]
 10727 | D:10     | Asphyxiated

Illustrated notes

Levels and vault maps discovered:
D:1:      dpeg_arrival_simpleton_c, layout_basic, ebering_ecumenical_altar_box,
          serial_bayou, serial_bayou_shore_b, serial_bayou_shore_b,
          serial_bayou_ford_a, serial_bayou_shore_b
D:2:      layout_loops_corners, st_stairs_8, minmay_small_reverse_x,
          uniq_sigmund, uniq_jessica, uniq_natasha
D:3:      layout_rooms, serial_shops, nicolae_shop_hallway_plus
D:4:      layout_basic, patterned_corridor
D:5:      gammafunk_cloud_chamber, layout_loops_corners,
          grunt_temple_overflow_lords_of_destruction, lemuel_round_altar,
          kennysheep_mini_moat, minmay_temple_entry_hall, portal_sewer_entry_e,
          uniq_grinder, uniq_pikel
D:6:      layout_rooms, uniq_maggie
D:7:      layout_basic
D:8:      layout_loops_corners, enter_bailey_1
D:9:      layout_loops_ring, grunt_lair_entry_orc_guard_hut, item_on_display_a,
          uniq_grum
D:10:     layout_cave_pools, uniq_erica, uniq_sonja
Temple:   nicolae_temple_no_exploring_needed

Skill      XL: |  1  2  3  4  5  6  7  8  9 10 |
---------------+-------------------------------+-----
Axes           | 2 3 4 5 6 7 9 |  9.9
Armour         | 3 4 5 6 7 |  7.3
Long Blades    | 6 8 |  8.4
Fighting       | |  3.1
Shields        | |  2.6

Action                   |  1- 3 |  4- 6 |  7- 9 | 10-12 || total
-------------------------+-------+-------+-------+-------++-------
Melee: War axe           |    60 |    65 |   105 |       ||   230
       Double sword      |       |       |    85 |   103 ||   188
  Use: Scroll            |     2 |     6 |     8 |     1 ||    17
       Potion            |       |     1 |     4 |     3 ||     8
Armor: Plate armour      |    45 |    32 |   123 |    97 ||   297
       Scale mail        |     8 |       |       |       ||     8
Dodge: Dodged            |    21 |    13 |    42 |    26 ||   102
Block: Buckler           |    10 |    10 |    43 |    23 ||    86

Table legend: (Time is in decaauts)
 A = Elapsed time spent in this place.
 B = Non-inter-level travel time spent in this place.
 C = Inter-level travel time spent in this place.
 D = Time resting spent in this place.
 E = Time spent auto-exploring this place.
 F = Levels seen in this place.
 G = Mean time per level.
                   A        B        C        D        E       F      G
               +--------+--------+--------+--------+--------+-----+--------+
         Total |  10874 |  10267 |    607 |   1093 |   7776 |  11 |  988.5 |
       Dungeon |  10872 |  10265 |    607 |   1093 |   7776 |  10 | 1087.2 |
        Temple |      1 |      1 |      0 |      0 |      0 |   1 |    1.0 |
               +--------+--------+--------+--------+--------+-----+--------+

Top non-repeatable levels by time:
     D:9: 1650 daAuts
     D:5: 1617 daAuts
     D:4: 1432 daAuts
     D:7: 1422 daAuts
     D:2: 1307 daAuts
     D:8: 1250 daAuts
     D:1: 1003 daAuts
     D:6: 586 daAuts
     D:3: 573 daAuts
    D:10: 28 daAuts
  Temple: 1 daAuts
